 Seeded DCSS version 0.30-a0-364-gf6b3ef1049 (webtiles) character file.

Game seed: 12805039608509689118 (custom seed)

1045 valliere the Covered (level 8, 0/103 HPs)
             Began as a Minotaur Fighter on Nov 15, 2022.
             Was a Believer of Zin.
             Succumbed to a water moccasin's poison
             ... on level 6 of the Dungeon.
             The game lasted 00:10:23 (3747 turns).

valliere the Covered (Minotaur Fighter)             Turns: 3747, Time: 00:10:23

Health: 0/103      AC: 24    Str: 23    XL:     8   Next: 4%
Magic:  9/9        EV:  2    Int:  5    God:    Zin [**....]
Gold:   237        SH:  9    Dex: 10    Spells: 7/7 levels left

rFire   . . .      SeeInvis .    a - +0 war axe
rCold   . . .      Faith    .    q - +0 kite shield
rNeg    . . .      Spirit   .    (body armour currently unavailable)
rPois   +          Reflect  .    (helmet currently unavailable)
rElec   .          Harm     .    (cloak currently unavailable)
rCorr   +          Rampage  .    (gloves currently unavailable)
Will    +....      NoTele   +    (boots currently unavailable)
Stlth   +.........               (no amulet)
HPRegen 0.37/turn                B - ring of resist corrosion
MPRegen 0.11/turn                C - ring of willpower

@: lethally poisoned (0 -> -2), tree-form
A: stationary, stasis, torment immunity, boosted hp, (horns 2), (retaliatory
headbutt), inability to read after injury 1
a: Renounce Religion, Recite, Vitalisation, Donate Gold


You were on level 6 of the Dungeon.
You worshipped Zin.
Zin was pleased with you.
You were a tree.
You visited 1 branch of the dungeon, and saw 6 of its levels.

You collected 263 gold pieces.
You donated 26 gold pieces to Zin.

Inventory:

Hand Weapons
 a - a +0 war axe (weapon)
Missiles
 f - 9 poisoned darts (quivered)
 g - 3 boomerangs
 A - 2 javelins
Armour
 b - a +0 scale mail
 c - a +0 buckler
 j - a +2 pair of gloves
 q - a +0 kite shield (worn)
 r - the +0 pair of gloves of the Ant (melded) {rC+++ rN+++ Will- Dex-2}
   (You found it on level 2 of the Dungeon)

   Dex:       It affects your dexterity (-2).
   rC:        It renders you almost immune to cold.
   rN:        It renders you almost immune to negative energy.
   Will:      It decreases your willpower.
 v - a +0 chain mail (melded)
 y - a +1 pair of boots of stealth
Jewellery
 e - a ring of fire
 B - a ring of resist corrosion (left branch)
 C - a ring of willpower (right branch)
 E - a ring of wizardry
 H - a ring of magical power
Wands
 z - a wand of iceblast (13)
 I - a wand of mindburst (4)
 J - a wand of paralysis (9)
Scrolls
 i - a scroll of teleportation {unknown}
 l - 2 scrolls of amnesia
 p - a scroll of magic mapping {unknown}
 s - a scroll of silence {unknown}
 w - a scroll of butterflies {unknown}
 x - a scroll of identify
 D - a scroll of enchant armour {unknown}
 G - a scroll of blinking {unknown}
 K - a scroll of fear {unknown}
Potions
 d - a potion of might
 m - a potion of ambrosia {unknown}
 n - a potion of lignification
 o - a potion of haste {unknown}
 t - a potion of berserk rage {unknown}
 u - a potion of brilliance {unknown}
 F - a potion of mutation
 L - a potion of degeneration {unknown}


   Skills:
 + Level 5.4 Fighting
 + Level 4.8 Axes
 + Level 3.3 Throwing
 + Level 5.6 Armour
 + Level 3.5 Dodging
 + Level 5.5 Shields
 + Level 3.3 Invocations


You had 7 spell levels left.
You didn't know any spells.
Your spell library contained the following spells:

 Spells                   Type           Power      Damage    Failure   Level
 Magic Dart               Conj           0%         1d3       83%         1
 Call Imp                 Summ           0%         N/A       92%         2
 Ignite Poison            Fire/Tmut/Pois 0%         N/A       99%         3
 Mephitic Cloud           Conj/Pois/Air  0%         N/A       99%         3
 Vhi's Electric Charge    Tloc/Air       0%         N/A       99%         3
 Sticky Flame             Conj/Fire      0%         2d3       100%        4
 Arcjolt                  Conj/Air       0%         1d10      100%        5
 Ignition                 Fire           0%         3d3       100%        8
 Maxwell's Capacitive Co  Air            0%         ∞         100%        8


Dungeon Overview and Level Annotations

Branches:
Dungeon (6/15)             Temple (0/1) D:5

Altars:
Ashenzari
Elyvilon
Fedhas
Gozag
Kikubaaqudgha
Uskayaw
Wu Jian
Zin

Shops:
D:2 (   D:3 *

Annotations:
D:6 Eustachio


Innate Abilities, Weirdness & Mutations

You are a tree.
Your roots penetrate the ground, keeping you stationary.
You cannot be teleported.
You are immune to unholy pain and torment.
Your maximum health is greatly increased.
Your equipment is partially melded.
((You have a pair of horns on your head.))
((You reflexively headbutt those who attack you in melee.))
You occasionally lose the ability to read scrolls when taking damage.


Message History

Eustachio hits you but does no damage. You block the ice beast's attack.
The river rat bites you but does no damage.
The bat hits you but does no damage.
Unknown command.
It was a potion of mutation.
You feel extremely strange.
You occasionally lose the ability to read scrolls when taking damage.
Zin forgives your inadvertent chaotic act, just this once.
* * * LOW HITPOINT WARNING * * *
You feel sick. The bat hits you but does no damage.
Eustachio casts a spell.
The ice beast hits you but does no damage.
The river rat bites you but does no damage.
You barely miss Eustachio.
Eustachio is lightly wounded.
You closely miss the river rat. You hit the ice beast but do no damage.
You closely miss the bat.
* * * LOW HITPOINT WARNING * * *
You feel sick. The bat hits you.
* * * LOW HITPOINT WARNING * * *
You block Eustachio's attack.
The ice beast hits you but does no damage.
The river rat bites you but does no damage.
A troll comes into view.
The ice beast hits you but does no damage.
You block Eustachio's attack. The river rat barely misses you.
Unknown command.
You hit Eustachio but do no damage.
Eustachio is lightly wounded.
You slash the river rat! You slash the ice beast!
* * * LOW HITPOINT WARNING * * *
You feel sick. You block the bat's attack. x2
Eustachio gestures wildly while chanting.
The ice beast hits you but does no damage.
The river rat bites you but does no damage.
Unknown command.
You slice Eustachio!!
Eustachio is heavily wounded.
You closely miss the white imp. You barely miss the shadow imp.
You closely miss the river rat. You hit the ice beast.
You die...

...............
................
................
.................
..........!.......
..........b.......
.......Y†.5.......
.......5♣.........
.......5r@........
..................
#.....................
#.....................
#.....................
#.................T...
#.....................
#.....................


You could see Eustachio, a troll, an ice beast, a crimson imp (summoned), a
river rat (summoned), a white imp (summoned), a shadow imp (summoned) and a bat
(summoned).

Vanquished Creatures
  A water moccasin (D:6)
  A necrophage (D:5)
  A bullfrog (D:6)
  4 scorpions
  A gnoll bouda (D:5)
  4 jellies
  2 orc priests (D:5)
  4 iguanas
  3 orc wizards (D:5)
  A hound zombie (D:2)
  5 adders
  3 gnolls (D:5)
  An adder skeleton (D:2)
  A worm (D:2)
  2 dart slugs
  11 orcs
  A bat skeleton (D:2)
  5 endoplasms
  5 giant cockroaches
  6 goblins
  7 hobgoblins
  4 jackals (D:1)
  3 quokkas
  5 ball pythons
  A ball python zombie (D:2)
  A bat (D:2)
  3 frilled lizards
  A jackal skeleton (D:2)
  3 kobolds
  7 rats
97 creatures vanquished.

Vanquished Creatures (others)
  A withered plant (D:2)
1 creature vanquished.

Grand Total: 98 creatures vanquished

Notes
Turn   | Place    | Note
-------+----------+-------------------------------------------
     0 | D:1      | valliere the Minotaur Fighter began the quest for the Orb.
     0 | D:1      | Reached XP level 1. HP: 19/19 MP: 0/0
   255 | D:1      | Reached XP level 2. HP: 27/27 MP: 1/1
  1010 | D:2      | Reached XP level 3. HP: 33/33 MP: 2/2
  1034 | D:2      | Reached skill level 1 in Throwing
  1049 | D:2      | Reached skill level 1 in Invocations
  1153 | D:2      | Reached skill level 1 in Dodging
  1185 | D:2      | Reached XP level 4. HP: 37/40 MP: 3/3
  1418 | D:2      | Identified the +0 pair of gloves of the Ant {rC+++ rN+++
                  | Will- Dex-2}
  1492 | D:2      | Found Ofratunn's Weapon Boutique.
  1567 | D:2      | Found a faded altar of an unknown god.
  1567 | D:2      | Noticed a cacodemon
  1777 | D:3      | Reached XP level 5. HP: 45/46 MP: 5/5
  1922 | D:3      | Found Uxzaleta's General Store.
  2035 | D:3      | Identified a scroll of acquirement
  2035 | D:3      | Acquired a +1 pair of boots of stealth
  2063 | D:4      | Found a hide-covered altar of Uskayaw.
  2064 | D:4      | Found a blossoming altar of Fedhas.
  2064 | D:4      | Found a glowing silver altar of Zin.
  2065 | D:4      | Found an ornate altar of the Wu Jian Council.
  2075 | D:4      | Became a worshipper of Zin the Law-Giver
  2075 | D:4      | Reached * piety under Zin
  2079 | D:4      | Found a broken altar of Ashenzari.
  2251 | D:4      | Reached ** piety under Zin
  2368 | D:4      | Found a white marble altar of Elyvilon.
  2421 | D:4      | Found an ancient bone altar of Kikubaaqudgha.
  2430 | D:4      | Found an opulent altar of Gozag.
  2487 | D:5      | Entered Level 5 of the Dungeon
  2498 | D:5      | Reached XP level 6. HP: 45/53 MP: 6/6
  2849 | D:5      | Reached skill level 5 in Armour
  2963 | D:5      | Reached XP level 7. HP: 35/60 MP: 7/7
  3140 | D:5      | Reached skill level 5 in Shields
  3219 | D:5      | Identified the +4 whip "Ugyik" {vorpal, Str+3 Dex-5 Stlth+}
  3286 | D:5      | Reached skill level 5 in Fighting
  3370 | D:5      | Found a staircase to the Ecumenical Temple.
  3715 | D:6      | Noticed Eustachio
  3743 | D:6      | Reached XP level 8. HP: 5/69 MP: 9/9
  3743 | D:6      | HP: 5/103 [poisoned by a water moccasin]
  3744 | D:6      | Gained mutation: You occasionally lose the ability to read
                  | scrolls when taking damage. [potion of mutation]
  3745 | D:6      | HP: 2/103 [bat[Eustachio] (1)]
  3745 | D:6      | Noticed a troll
  3747 | D:6      | Succumbed to a water moccasin's poison

Illustrated notes

Levels and vault maps discovered:
D:1:      dpeg_chamrin_arrival_tetris, layout_loops_ring, minivault_5
D:2:      layout_basic, serial_shops, nicolae_shop_advertising_works
          [nicolae_subvault_shop_adworks],
          dreamdust_ecumenical_altar_sealed_demon, serial_undead,
          serial_undead_d, serial_undead_e, serial_undead_e, serial_undead_b
D:3:      layout_rooms, serial_shops, nicolae_shop_crystal, st_stairs_5
D:4:      layout_cave_pools, lemuel_round_altar, mainiacjoe_overflow_swirl,
          chequers_temple_overflow_statue_of_worship, overflow_temple_1_default,
          hangedman_decor_points
D:5:      layout_rooms, temple_hall, gup_sewer_entry_glass
D:6:      layout_basic, hangedman_abyss_or_decor_jellyfish_corner,
          uniq_eustachio, uniq_edmund

Skill      XL: |  1  2  3  4  5  6  7 |
---------------+----------------------+-----
Throwing       | 1 2 3 |  3.3
Invocations    | 1 2 3 |  3.3
Dodging        | 1 2 3 |  3.5
Shields        | 4 5 |  5.5
Axes           | 3 4 |  4.8
Armour         | 4 5 |  5.6
Fighting       | 4 5 |  5.4

Action                   |  1- 3 |  4- 6 |  7- 9 || total
-------------------------+-------+-------+-------++-------
Melee: War axe           |    65 |    83 |    73 ||   221
       Headbutt          |     9 |    17 |    12 ||    38
Invok: Recite            |       |     2 |     3 ||     5
  Use: Scroll            |       |     1 |     2 ||     3
       Potion            |       |       |     5 ||     5
 Stab: Confused          |       |     2 |     3 ||     5
Armor: Scale mail        |    35 |    13 |       ||    48
       Chain mail        |       |    34 |    69 ||   103
       Skin              |       |       |    11 ||    11
Dodge: Dodged            |    26 |    31 |    52 ||   109
Block: Buckler           |    10 |     2 |       ||    12
       Kite shield       |       |    31 |    56 ||    87

Table legend: (Time is in decaauts)
 A = Elapsed time spent in this place.
 B = Non-inter-level travel time spent in this place.
 C = Inter-level travel time spent in this place.
 D = Time resting spent in this place.
 E = Time spent auto-exploring this place.
 F = Levels seen in this place.
 G = Mean time per level.
                   A        B        C        D        E       F      G
               +--------+--------+--------+--------+--------+-----+--------+
         Total |   3845 |   3717 |    128 |    127 |   2822 |   6 |  640.8 |
       Dungeon |   3845 |   3717 |    128 |    127 |   2822 |   6 |  640.8 |
               +--------+--------+--------+--------+--------+-----+--------+

Top non-repeatable levels by time:
     D:1: 1015 daAuts
     D:5: 884 daAuts
     D:2: 679 daAuts
     D:4: 581 daAuts
     D:3: 391 daAuts
     D:6: 292 daAuts
